 Dungeon Crawl Stone Soup version 0.28-a0-1233-g92def6ad0a (webtiles) character file.

Game seed: 11857182451501545628

105439 Lavandula the Brawler (level 14, -6/103 (129) HPs)
             Began as a Formicid Transmuter on Dec 23, 2021.
             Was the Champion of Ru.
             Mangled by a goliath frog (19 damage)
             ... on level 2 of the Swamp.
             The game lasted 01:14:05 (33517 turns).

Lavandula the Brawler (Formicid Transmuter)        Turns: 33517, Time: 01:14:05

HP:   -6/103 (129)  AC:  0    Str: 17    XL:     14   Next: 95%
MP:   23/27         EV: 10    Int: 14    God:    Ru [******]
Gold: 1796          SH:  5    Dex:  9    Spells: 1/31 levels left

rFire   x . .      SeeInvis .     - Unarmed
rCold   + + +      Faith    .   (shield unavailable)
rNeg    . . .      Spirit   .   (armour currently unavailable)
rPois   +          Reflect  +   (helmet unavailable)
rElec   .          Harm     .   (cloak currently unavailable)
rCorr   .          Rampage  .   (gloves currently unavailable)
Will    +....                   (boots currently unavailable)
Stlth   +++++.....              g - amulet of reflection
HPRegen 0.27/turn               (ring unavailable)
MPRegen 0.20/turn               C - ring of wizardry

@: exhausted, ice-form, death channelling, wereblooded, corroded, heavily
drained, unable to read
A: freezing attack, amphibious, boosted hp, permanent stasis, dig shafts and
tunnels, large, (antennae 3), inability to read while threatened, missing a
hand, inability to train armour, inexperienced 1, four strong arms, (claws 1),
clumsy 1, dopey 1, MP-powered wands
a: End Transformation, Renounce Religion, Draw Out Power, Power Leap, Apocalypse


You were on level 2 of the Swamp.
You worshipped Ru.
Ru was exalted by your worship.
You were a creature of crystalline ice.
You visited 5 branches of the dungeon, and saw 25 of its levels.
You also visited: Sewer, Gauntlet and Ice Cave.

You collected 2081 gold pieces.
You spent 285 gold pieces at shops.

Inventory:

Missiles
 a - 7 javelins
 F - 3 throwing nets
 U - 3 curare-tipped darts
Armour
 q - a +0 leather armour of resistance (melded)
 r - a +0 cloak of poison resistance (melded)
 y - quicksilver dragon scales
 A - a +0 pair of boots of flying
 J - +0 steam dragon scales
 L - a +2 pair of gloves (melded)
 N - the +0 pair of boots of Repulsion (melded) {rC+}
   (You acquired it on level 2 of the Swamp)

   rC:        It protects you from cold.
 Z - a +1 pair of gloves of infusion
Jewellery
 b - the ring "Reebuym" {Drain rF+ Will++ Str+4}
   (You found it in a Gauntlet)

   [ring of protection from fire]

   Str:       It affects your strength (+4).
   rF:        It protects you from fire.
   Drain:     It drains your maximum health when unequipped.
   Will:      It greatly increases your willpower.
 e - a ring of ice
 g - an amulet of reflection (around neck)
 C - a ring of wizardry (right front paw)
 P - a ring of poison resistance
 Q - the amulet "Esuurho" {Spirit Harm Will- Dex+4}
   (You took it off a spriggan on level 2 of the Swamp)

   [amulet of guardian spirit]

   It causes incoming damage to be divided between your reserves of health and
   magic.
   Dex:       It affects your dexterity (+4).
   Harm:      It increases damage dealt and taken.
   Will:      It decreases your willpower.
 S - a ring of willpower
 Y - the ring of Liberty {rCorr EV+4 Dex+8 Slay-5 Stlth+}
   (You found it in a Gauntlet)

   [ring of evasion]

   EV:        It affects your evasion (+4).
   Dex:       It affects your dexterity (+8).
   Slay:      It affects your accuracy & damage with ranged weapons and melee
   (-5).
   rCorr:     It protects you from acid and corrosion.
   Stlth:     It makes you more stealthy.
Wands
 i - a wand of digging (6)
 p - a wand of iceblast (3)
 w - a wand of paralysis (12)
 D - a wand of flame (107)
 M - a wand of polymorph (1)
 R - a wand of acid (16)
Scrolls
 c - 3 scrolls of vulnerability
 f - 3 scrolls of silence
 j - 6 scrolls of immolation
 k - 3 scrolls of fog
 v - a scroll of summoning
 z - a scroll of enchant weapon
 E - 2 scrolls of holy word
 H - 2 scrolls of torment
 I - 3 scrolls of fear
Potions
 d - a potion of cancellation {unknown}
 l - 3 potions of brilliance
 m - 7 potions of magic
 n - 10 potions of ambrosia
 o - 2 potions of curing
 s - 3 potions of might
 t - a potion of mutation
 u - 3 potions of resistance
 x - 2 potions of invisibility {unknown}
 B - 4 potions of attraction {unknown}
 G - 3 potions of flight
 O - 2 potions of lignification {unknown}
Miscellaneous
 K - a phial of floods
 V - a condenser vane (inert)


   Skills:
 - Level 9.5 Fighting
 - Level 5.0 Dodging
 - Level 12.5 Stealth
 - Level 16.7 Unarmed Combat
 - Level 9.0 Spellcasting
 - Level 4.0 Summonings
 + Level 14.3 Necromancy
 - Level 5.4 Transmutations
 - Level 6.0 Ice Magic
 - Level 4.6 Earth Magic
 - Level 4.0 Poison Magic
 - Level 5.0 Evocations


You had one spell level left.
You knew the following spells:

 Your Spells              Type           Power      Damage    Failure   Level
a - Ice Form              Ice/Tmut       22%        N/A       4%          4
b - Wereblood             Tmut           21%        N/A       1%          2
c - Spider Form           Tmut/Pois      19%        N/A       1%          3
d - Frozen Ramparts       Ice            46%        1d6       1%          3
e - Summon Ice Beast      Ice/Summ       20%        N/A       6%          4
f - Borgnjor's Vile Clut  Necr/Erth      16%        N/A       2%          5
g - Death Channel         Necr           23%        N/A       1%          6
h - Ozocubu's Armour      Ice            23%        N/A       1%          3

Your spell library contained the following spells:

 Spells                   Type           Power      Damage    Failure   Level
 Animate Skeleton         Necr           92%        N/A       1%          1
 Beastly Appendage        Tmut           42%        N/A       1%          1
 Summon Small Mammal      Summ           68%        N/A       1%          1
 Apportation              Tloc           12%        N/A       4%          1
 Sublimation of Blood     Necr           46%        N/A       1%          2
 Animate Dead             Necr           23%        N/A       1%          4
 Dazzling Flash           Conj/Hex       12%        N/A       14%         3
 Inner Flame              Hex/Fire       6%         N/A       14%         3
 Summon Lightning Spire   Summ/Air       11%        N/A       21%         4
 Airstrike                Air            3%         N/A       41%         4
 Cause Fear               Hex            3%         N/A       41%         4
 Iskenderun's Mystic Bla  Conj/Tloc      6%         2d4       41%         4
 Freezing Cloud           Conj/Ice/Air   5%         6-21      45%         5
 Infestation              Necr           23%        N/A       61%         8
 Haunt                    Necr/Summ      15%        N/A       63%         7
 Fireball                 Conj/Fire      3%         3d4       75%         5
 Iskenderun's Battlesphe  Conj           6%         2d6       75%         5
 Lightning Bolt           Conj/Air       3%         1d14      75%         5
 Manifold Assault         Tloc           6%         N/A       75%         5
 Ozocubu's Refrigeration  Ice            11%        4d7       96%         7
 Conjure Ball Lightning   Conj/Air       3%         3x3d6     99%         6
 Starburst                Conj/Fire      3%         6d3       99%         6
 Summon Hydra             Summ           8%         N/A       99%         7
 Orb of Destruction       Conj           3%         9d1       100%        7
 Storm Form               Tmut/Air       6%         N/A       100%        7
 Discord                  Hex            3%         N/A       100%        8
 Disjunction              Tloc           3%         N/A       100%        8
 Chain Lightning          Conj/Air       3%         3d4       100%        9
 Fire Storm               Conj/Fire      3%         8d1       100%        9
 Shatter                  Erth           9%         3d11*     100%        9
 Blink                    Tloc           Unusable   N/A       N/A         2

Dungeon Overview and Level Annotations

Branches:
Dungeon (14/15)            Temple (1/1) D:4            Lair (6/6) D:8
  Swamp (1/4) Lair:4        Snake (0/4) Lair:4        Slime (0/5) Lair:6
    Orc (2/2) D:9             Elf (0/3) Orc:2         Sewer (visited)
  IceCv (visited)         Gauntlet (visited)
 Vaults: D:13-14

Altars:
Ashenzari
Cheibriados
Dithmenos
Elyvilon
Fedhas
Gozag
Hepliaklqana
Kikubaaqudgha
Makhleb
Nemelex Xobeh
Okawaru
Ru
Sif Muna
Trog
Uskayaw
Vehumet
Wu Jian
Xom
Yredelemnul
Zin
The Shining One

Shops:
D:8 =*!(*   D:12 :   Orc:2 **?:

Annotations:
D:12 1 runed translucent door
Swamp:1 Jorgrun


Innate Abilities, Weirdness & Mutations

You are a creature of crystalline ice.
You have a powerful freezing melee attack.
You are amphibious.
Your maximum health is increased.
Your armour is entirely melded.
You are incapable of wielding weapons or throwing items.
You cannot be hasted, slowed, berserked, paralysed or teleported.
You can dig through walls and to a lower floor.
((You have a pair of large antennae on your head. (SInv)))
You sometimes lose the ability to read scrolls when taking damage.
You are missing a hand.
You cannot train Armour skill.
You are somewhat inexperienced. (-2 XL)
Your four strong arms can wield two-handed weapons with a shield.
((You have sharp fingernails.))
You are clumsy. (Dex -2)
You are dopey. (Int -2)
You expend magic power (3 MP) to strengthen your wands.


Message History

Okay, then.
Unknown command.
You cannot read scrolls in your current state!
Unknown command.
Okay, then.
You are confused.
You feel invigorated.
You howl as the wereblood boils in your veins!
The swamp worm barely misses you. The goliath frog hits you from afar!
* * * LOW HITPOINT WARNING * * *
You are splashed with acid!
* * * LOW HITPOINT WARNING * * *
The swamp worm bites your ice beast!
Your ice beast dies!
Your ice beast disappears in a puff of smoke!
You feel better.
You feel less invigorated. The swamp worm barely misses you.
The goliath frog closely misses you.
Unknown command.
Okay, then.
You cannot read scrolls in your current state!
Unknown command.
Okay, then.
Unknown command.
You cannot read scrolls in your current state!
Unknown command.
Okay, then.
Unknown command.
Found a stone staircase leading up.
You redirect the swamp worm's attack!
You block the swamp worm's attack. The goliath frog hits you from afar!!
* * * LOW HITPOINT WARNING * * *
The acid corrodes you!
You are splashed with acid!
* * * LOW HITPOINT WARNING * * *
You cannot read scrolls in your current state!
Unknown command.
You feel better.
You howl as the wereblood boils in your veins!
The goliath frog hits you from afar!!
You die...

♣≈≈≈≈.♣ ♣♣>≈.....
§≈..≈.≈..≈♣♣♣..≈....♣ ♣
≈♣....≈≈≈≈≈♣.≈≈...≈.. .≈
...≈♣≈≈.♣.≈.≈≈.≈..≈≈♣
.≈≈≈≈.≈≈≈≈.♣≈≈♣≈§.≈.≈≈≈♣
.≈≈≈≈≈...≈.♣≈..≈...≈.≈.♣
≈≈≈≈≈.♣♣.≈..≈♣≈≈.....≈.♣
≈.....♣..≈≈≈≈......≈.≈..
.≈≈≈≈..Yww≈..≈≈≈≈..≈..♣♣
....≈≈§≈≈≈§§♣.>≈≈.≈..♣♣
.≈.≈≈≈≈≈♣F.≈..≈≈≈≈...♣
≈≈≈§≈≈≈.♣....≈≈≈≈...≈♣
≈.≈≈♣♣<.≈..≈.≈≈≈≈≈♣≈≈≈♣
≈≈≈≈ §≈≈≈.≈§≈≈≈≈♣....♣♣
≈.≈ ≈≈≈≈≈/≈...≈.≈≈♣..♣
≈. ♣♣♣≈≈§≈≈.≈.≈.≈
♣♣♣♣.≈≈....


You could see a goliath frog (corroded) and 2 swamp worms.

Vanquished Creatures
  Donald (Swamp:1)
  A minotaur (Gauntlet)
  Snorg (Lair:5)
  A bunyip (Swamp:2)
  Harold (Orc:1)
  9 hydras
  4 boulder beetles
  5 centaur warriors
  A ghost crab (Swamp:1)
  An alligator (Swamp:2)
  3 two-headed ogres
  5 catoblepae
  A death scarab (Gauntlet)
  4 death yaks
  2 orc high priests (Orc:2)
  Sonja (Lair:3)
  2 goliath frogs (Lair:6)
  3 spriggan druids (Swamp:2)
  A deep elf archer (D:9)
  2 wizards (D:14)
  4 orc knights (Orc:2)
  Pikel (D:6)
  4 deep elf pyromancers
  6 orc sorcerers
  5 cyclopes
  4 ugly things
  2 will-o-the-wisps
  7 slime creatures (D:13)
  3 manticores
  10 elephants
  3 ice statues (IceCv)
  7 black mambas
  Maurice (D:12)
  2 gargoyles
  16 cane toads
  A kobold demonologist (D:9)
  A torpor snail (Lair:6)
  An unseen horror (D:10)
  8 komodo dragons
  10 rime drakes
  An efreet (Gauntlet)
  A freezing wraith (IceCv)
  An entropy weaver simulacrum (IceCv)
  5 tyrant leeches
  A jumping spider (shapeshifter) (D:13)
  3 meliai (D:13)
  4 trolls
  3 hornets
  A raiju (Gauntlet)
  A queen bee (Lair:3)
  Prince Ribbit (D:5)
  6 dream sheep (Lair:5)
  11 blink frogs (Lair:6)
  6 spriggans
  A vampire (D:12)
  38 yaks
  14 wyverns
  A dire elephant simulacrum (IceCv)
  3 fire elementals (Gauntlet)
  A spectral fire crab (Gauntlet)
  11 basilisks
  8 steam dragons
  5 vampire mosquitoes (Lair:6)
  A death yak simulacrum (IceCv)
  6 wargs
  4 swamp worms
  Edmund (D:4)
  3 acid dragons
  12 water moccasins
  2 hell hounds (Gauntlet)
  2 ice beasts
  16 orc warriors
  A necrophage (D:7)
  2 black bears
  5 ogres
  12 wolves
  12 centaurs
  A phantom (D:6)
  4 lemures (D:6)
  2 kobold brigands (D:9)
  18 bullfrogs
  A cane toad simulacrum (IceCv)
  6 scorpions
  A wyvern zombie (D:8)
  29 killer bees
  An elephant simulacrum (IceCv)
  An electric eel (Lair:5)
  5 howler monkeys
  A crimson imp (D:5)
  4 centaur zombies
  17 orc priests
  A hound (D:7)
  A jelly (D:5)
  A gnoll shaman (D:8)
  Crazy Yiuf (D:6)
  A bullfrog skeleton (D:3)
  A centaur skeleton (D:7)
  5 iguanas
  19 orc wizards
  5 hell rats (Lair:6)
  2 polar bear simulacra (IceCv)
  3 killer bee zombies
  A centaur simulacrum (D:9)
  A hound skeleton (D:4)
  2 howler monkey zombies
  9 gnolls
  5 adders
  2 shadow imps
  3 ufetubi
  2 worms
  2 dart slugs
  45 orcs
  10 ball pythons
  12 endoplasms
  3 giant cockroaches (D:12)
  4 goblins
  7 hobgoblins
  13 jackals
  9 quokkas
  6 bats
  3 frilled lizards
  17 kobolds
  6 rats
  A spectral hobgoblin (D:4)
  4 butterflies (D:12)
649 creatures vanquished.

Vanquished Creatures (collateral kills)
  Louise (Swamp:1)
  2 hydras
  A catoblepas (Lair:4)
  An orc high priest (Orc:2)
  3 spriggans
  A bog body (Swamp:2)
  A goliath frog (Swamp:2)
  An orc knight (Orc:2)
  2 elephants (Lair:6)
  A cane toad (Lair:6)
  5 komodo dragons (Lair:4)
  4 hornets
  2 tyrant leeches
  A blink frog (Lair:6)
  A slime creature (D:13)
  4 yaks
  2 swamp worms
  A warg (Orc:2)
  2 water moccasins
  4 orc warriors
  A swamp drake (Swamp:2)
  3 wolves (Lair:4)
  6 killer bees (Lair:3)
  An orc priest (Orc:2)
  An orc wizard (Orc:1)
  8 orcs
60 creatures vanquished.

Vanquished Creatures (others)
  A spriggan (Swamp:1)
  An ugly thing (IceCv)
  A black mamba (Lair:6)
  2 cane toads (Lair:6)
  An unseen horror (D:12)
  A komodo dragon (Lair:1)
  2 bloated husks (Swamp:1)
  2 hornets
  A yak (Lair:6)
  2 orcs (D:9)
  A kobold (D:9)
  A bush (Lair:6)
  12 foxfires
  26 fungi
  120 plants
  A withered plant (Gauntlet)
175 creatures vanquished.

Grand Total: 884 creatures vanquished

Notes
Turn   | Place    | Note
-------+----------+-------------------------------------------
     0 | D:1      | Lavandula the Formicid Transmuter began the quest for the
                  | Orb.
     0 | D:1      | Reached XP level 1. HP: 15/15 MP: 3/3
   311 | D:1      | Reached XP level 2. HP: 2/21 MP: 5/5
   317 | D:1      | Learned a level 2 spell: Wereblood
   941 | D:1      | Reached XP level 3. HP: 26/26 MP: 0/6
  1233 | D:1      | Learned a level 3 spell: Spider Form
  1264 | D:1      | Found a faded altar of an unknown god.
  1523 | D:2      | Reached XP level 4. HP: 27/32 MP: 4/8
  1653 | D:2      | Learned a level 3 spell: Frozen Ramparts
  1759 | D:2      | Reached skill level 1 in Poison Magic
  2414 | D:3      | Reached XP level 5. HP: 17/37 MP: 4/9
  2849 | D:3      | Found an iron altar of Okawaru.
  3039 | D:3      | Reached skill level 1 in Ice Magic
  3847 | D:4      | Found a hazy altar of Hepliaklqana.
  3996 | D:4      | Found a staircase to the Ecumenical Temple.
  4033 | Temple   | Entered the Ecumenical Temple
  4067 | Temple   | Became a worshipper of Ru the Awakened
  4141 | D:4      | Noticed Edmund
  4214 | D:4      | Killed Edmund
  4215 | D:4      | Reached XP level 6. HP: 20/43 MP: 4/10
  4498 | D:4      | Noticed an ogre
  4506 | D:4      | Killed an ogre
  4507 | D:4      | Reached skill level 4 in Unarmed Combat
  4668 | D:4      | Reached XP level 7. HP: 48/48 MP: 4/11
  4800 | D:5      | Entered Level 5 of the Dungeon
  4823 | D:5      | Found a shadowy altar of Dithmenos.
  4972 | D:5      | Found a burning altar of Makhleb.
  5037 | D:5      | Reached skill level 5 in Unarmed Combat
  5118 | D:5      | Learned a level 4 spell: Summon Ice Beast
  5598 | D:5      | Noticed Prince Ribbit
  5621 | D:5      | Killed Prince Ribbit
  5622 | D:5      | Reached skill level 5 in Transmutations
  5622 | D:5      | Reached XP level 8. HP: 54/54 MP: 6/13
  5933 | D:6      | Found a glowing drain.
  5959 | Sewer    | Entered a sewer
  6073 | Sewer    | Gained mutation: You are missing a hand. [Ru sacrifice]
  6073 | Sewer    | Reached * piety under Ru
  6073 | Sewer    | Reached ** piety under Ru
  6073 | Sewer    | Reached *** piety under Ru
  7168 | D:6      | Noticed Pikel
  7180 | D:6      | Killed Pikel
  7181 | D:6      | Reached skill level 5 in Spellcasting
  7181 | D:6      | Reached skill level 6 in Unarmed Combat
  7181 | D:6      | Reached XP level 9. HP: 41/59 MP: 4/16
  7186 | D:6      | Learned a level 4 spell: Ice Form
  7929 | D:6      | Found a runed translucent door.
  7930 | D:6      | Noticed Crazy Yiuf
  8003 | D:6      | Killed Crazy Yiuf
  8004 | D:6      | Reached skill level 5 in Ice Magic
  8106 | D:6      | Reached skill level 7 in Unarmed Combat
  8474 | D:7      | Reached skill level 8 in Unarmed Combat
  8613 | D:7      | Reached skill level 9 in Unarmed Combat
  8850 | D:7      | Reached skill level 1 in Summonings
  8965 | D:7      | Found a sparkling altar of Nemelex Xobeh.
  8965 | D:7      | Found an opulent altar of Gozag.
  9030 | D:7      | Reached XP level 10. HP: 65/65 MP: 17/17
  9212 | D:8      | Gained mutation: You sometimes lose the ability to read
                  | scrolls when taking damage. [Ru sacrifice]
  9212 | D:8      | Reached **** piety under Ru
  9253 | D:8      | Found an iron altar of Okawaru.
  9506 | D:8      | Found Yvaynle's Assorted Antiques.
  9536 | D:8      | Found a staircase to the Lair.
  9537 | D:8      | Noticed a death yak
  9558 | D:8      | Killed a death yak
  9559 | D:8      | Reached skill level 10 in Unarmed Combat
  9888 | D:8      | Found Agruydwau's Distillery.
  9888 | D:8      | Found Jakhlep's Jewellery Shoppe.
  9931 | D:8      | Bought a potion of ambrosia for 128 gold pieces
  9931 | D:8      | Bought a potion of flight for 48 gold pieces
 10079 | D:8      | Found Reasasuj's Assorted Antiques.
 10083 | D:8      | Found Soteh's Weapon Emporium.
 10086 | D:8      | Bought a scroll labelled VIUSTA DYON for 28 gold pieces
 10086 | D:8      | Bought a purple potion for 25 gold pieces
 10411 | D:9      | Noticed a purple ugly thing
 10411 | D:9      | Noticed a deep elf archer
 10411 | D:9      | Noticed a centaur warrior
 10420 | D:9      | Killed a purple ugly thing
 10428 | D:9      | Killed a centaur warrior
 10429 | D:9      | Reached skill level 5 in Fighting
 10429 | D:9      | Reached XP level 11. HP: 58/79 MP: 16/18
 10435 | D:9      | Killed a deep elf archer
 10582 | D:9      | Noticed a two-headed ogre
 10592 | D:9      | Reached skill level 5 in Dodging
 10597 | D:9      | Killed a two-headed ogre
 10598 | D:9      | Reached skill level 11 in Unarmed Combat
 10619 | D:9      | Learned a level 5 spell: Borgnjor's Vile Clutch
 10695 | D:9      | Noticed a red ugly thing
 10710 | D:9      | Killed a red ugly thing
 10843 | D:9      | Noticed a cyclops
 10843 | D:9      | Noticed a catoblepas
 10843 | D:9      | Noticed a boulder beetle
 10858 | D:9      | Killed a boulder beetle
 10866 | D:9      | Killed a cyclops
 10875 | D:9      | Killed a catoblepas
 10987 | D:9      | Reached skill level 5 in Necromancy
 11034 | D:9      | Noticed a cyclops
 11040 | D:9      | Noticed a green ugly thing
 11044 | D:9      | Killed a cyclops
 11053 | D:9      | Killed a white ugly thing
 11054 | D:9      | Reached XP level 12. HP: 86/86 MP: 14/21
 11191 | D:9      | Identified the +8 trident of Ignis's Respect {freeze, rN+
                  | Str+7 Int-5}
 11508 | D:9      | Found a staircase to the Orcish Mines.
 11545 | D:9      | Noticed a two-headed ogre
 11552 | D:9      | Killed a two-headed ogre
 11553 | D:9      | Reached skill level 12 in Unarmed Combat
 11758 | D:9      | Identified the +9 trident of Ygryhem {vorpal, rCorr}
 11770 | D:9      | HP: 2/103 [orc warrior (4)]
 11778 | D:9      | HP: 4/99 [centaur/arrow (1)]
 11783 | D:9      | HP: 3/99 [centaur/arrow (3)]
 12326 | D:9      | Noticed a centaur warrior
 12328 | D:9      | Gained mutation: You are somewhat inexperienced. (-2 XL)
                  | [Ru sacrifice]
 12328 | D:9      | Reached XP level 11. HP: 40/88 MP: 20/20
 12328 | D:9      | Reached XP level 10. HP: 40/82 MP: 19/19
 12328 | D:9      | Reached ***** piety under Ru
 12331 | D:9      | Killed a centaur warrior
 12710 | D:10     | Entered Level 10 of the Dungeon
 12719 | D:10     | Reached skill level 13 in Unarmed Combat
 12813 | D:10     | Found an ornate altar of the Wu Jian Council.
 12816 | D:10     | Found a hide-covered altar of Uskayaw.
 12819 | D:10     | Found a glowing golden altar of the Shining One.
 12822 | D:10     | Found an ancient bone altar of Kikubaaqudgha.
 13196 | D:10     | Found a shimmering blue altar of Sif Muna.
 13931 | D:11     | Noticed a four-headed hydra
 13945 | D:11     | Killed a four-headed hydra
 14588 | D:12     | Found Valuhiocw's Self-Improvement Boutique.
 14622 | D:12     | Reached skill level 5 in Evocations
 14714 | D:12     | Found a runed translucent door.
 14715 | D:12     | Found a runed translucent door.
 14961 | D:12     | Reached XP level 11. HP: 79/79 MP: 5/21
 15120 | D:12     | Noticed Maurice
 15129 | D:12     | Killed Maurice
 15347 | D:12     | Noticed a six-headed hydra
 15354 | D:12     | Killed a six-headed hydra
 15470 | D:12     | Noticed a centaur warrior
 15479 | D:12     | Killed a centaur warrior
 15948 | Lair:1   | Entered Level 1 of the Lair of Beasts
 15987 | Lair:1   | Found a frozen archway.
 15996 | IceCv    | Entered an ice cave
 16405 | Lair:1   | Learned a level 6 spell: Death Channel
 16659 | Lair:1   | You fall into a shaft and drop 1 floor!
 18474 | Lair:3   | Noticed a four-headed hydra
 18487 | Lair:3   | Killed a four-headed hydra
 18572 | Lair:3   | Noticed a six-headed hydra
 18577 | Lair:3   | Killed a six-headed hydra
 18916 | Lair:3   | Noticed Sonja
 18926 | Lair:3   | Killed Sonja
 18927 | Lair:3   | Reached XP level 12. HP: 59/82 MP: 23/25
 19556 | Lair:4   | Reached skill level 14 in Unarmed Combat
 19615 | Lair:4   | Found a staircase to the Swamp.
 20160 | Lair:4   | Reached skill level 15 in Unarmed Combat
 20993 | Lair:4   | Found a staircase to the Snake Pit.
 21700 | Lair:5   | Noticed Snorg
 21708 | Lair:5   | Killed Snorg
 21709 | Lair:5   | Reached skill level 16 in Unarmed Combat
 22119 | Lair:5   | Gained mutation: You cannot train Armour skill. [Ru
                  | sacrifice]
 22119 | Lair:5   | Reached ****** piety under Ru
 22586 | Lair:6   | Entered Level 6 of the Lair of Beasts
 23031 | Lair:6   | Found a staircase to the Slime Pits.
 23061 | Lair:6   | Reached skill level 10 in Necromancy
 23061 | Lair:6   | Reached skill level 1 in Stealth
 23325 | Lair:6   | Reached XP level 13. HP: 89/89 MP: 22/26
 23403 | Lair:6   | Reached skill level 5 in Stealth
 24278 | Lair:6   | Reached skill level 10 in Stealth
 25480 | Orc:1    | Entered Level 1 of the Orcish Mines
 25965 | Orc:1    | Noticed Harold
 25981 | Orc:1    | Killed Harold
 26286 | Orc:2    | Entered Level 2 of the Orcish Mines
 26554 | Orc:2    | Found Maed's Book Shoppe.
 26554 | Orc:2    | Found Sait's Magic Scroll Shoppe.
 26560 | Orc:2    | Reached XP level 14. HP: 53/108 MP: 4/27
 27228 | Orc:2    | Found Oleute's General Store.
 27228 | Orc:2    | Found Kacid's General Store.
 27267 | Orc:2    | Bought a potion of brilliance for 56 gold pieces
 27430 | Orc:2    | Found a staircase to the Elven Halls.
 29084 | D:14     | Found a gate leading to a gauntlet.
 29098 | Gauntlet | Entered a Gauntlet
 29098 | Gauntlet | Found a transporter.
 29098 | Gauntlet | Found a transporter.
 29106 | Gauntlet | Found a transporter.
 29108 | Gauntlet | Found a transporter.
 29153 | Gauntlet | Found a transporter.
 29169 | Gauntlet | Found a transporter.
 29169 | Gauntlet | Found a transporter.
 29171 | Gauntlet | Found a transporter.
 29172 | Gauntlet | Found a transporter.
 29176 | Gauntlet | Found a runed translucent door.
 29176 | Gauntlet | Found a runed translucent door.
 29182 | Gauntlet | Found a transporter.
 29197 | Gauntlet | Found a transporter.
 29210 | Gauntlet | Found a transporter.
 29224 | Gauntlet | Found a transporter.
 29243 | Gauntlet | Found a transporter.
 29315 | Gauntlet | Identified the ring "Reebuym" {Drain rF+ Will++ Str+4}
 29691 | Gauntlet | Identified the ring of Liberty {rCorr EV+4 Dex+8 Slay-5
                  | Stlth+}
 29858 | Gauntlet | Identified the +1 rapier "Lorem Ipsum" {pain, Will+ Dex+6}
 29881 | Gauntlet | Got the Volume of Conjuration
 31155 | Swamp:1  | Entered Level 1 of the Swamp
 31272 | Swamp:1  | Noticed Louise
 31282 | Swamp:1  | Killed Louise
 31676 | Swamp:1  | Noticed Donald
 31690 | Swamp:1  | Killed Donald
 31712 | Swamp:1  | HP: 3/118 [spore (34)]
 31742 | Swamp:1  | Noticed Jorgrun
 31746 | Swamp:1  | You fall into a shaft and drop 1 floor!
 31996 | Swamp:2  | Gained mutation: You are dopey. (Int -2) [potion of
                  | mutation]
 31996 | Swamp:2  | Gained mutation: You are clumsy. (Dex -2) [potion of
                  | mutation]
 31996 | Swamp:2  | Gained mutation: You have sharp fingernails. [potion of
                  | mutation]
 31996 | Swamp:2  | Gained mutation: You expend magic power (3 MP) to
                  | strengthen your wands. [potion of mutation]
 32340 | Swamp:2  | Identified 2 scrolls of acquirement
 32349 | Swamp:2  | Acquired a book of Cantrips
 32351 | Swamp:2  | Acquired the +0 pair of boots of Repulsion {rC+}
 32869 | Swamp:2  | Identified the amulet "Esuurho" {Spirit Harm Will- Dex+4}
 33091 | Swamp:2  | HP: 1/87 [will-o-the-wisp/foxfire (28)]
 33113 | Swamp:2  | Learned a level 3 spell: Ozocubu's Armour
 33516 | Swamp:2  | HP: 2/103 [acid (7)]
 33517 | Swamp:2  | Mangled by a goliath frog

Illustrated notes

Levels and vault maps discovered:
D:1:      saegor_arrival_fortress, layout_basic,
          shapermc_ecumenical_altar_notcrosses
D:2:      layout_basic, serial_forest, infiniplex_forest_end_3,
          infiniplex_forest_lined_1, infiniplex_forest_end_2,
          infiniplex_forest_clump_curved, infiniplex_forest_clump_cross,
          kennysheep_generic_room_6
D:3:      layout_basic, mainiacjoe_overflow_six_doors_small
D:4:      layout_loops_cross, nicolae_hepliaklqana_monster_ancestors,
          minmay_temple_entry_waves, uniq_edmund
D:5:      layout_loops_cross, mainiacjoe_overflow_cross_hatched,
          makhleb_grotto_becter, uniq_prince_ribbit1
D:6:      layout_loops_ring, cheibrodos_sewer_entry_drain, chequers_jeans,
          uniq_crazy_yiuf_cottage, uniq_pikel
D:7:      layout_cave_pools, grunt_temple_overflow_opulence, nicolae_sextant
D:8:      layout_cave_pods, david_lair_generic, serial_park,
          serial_park_square2, serial_park_square2, serial_park_square1
          [serial_park_minivault_5x5_2], serial_shops, shop,
          nicolae_shop_crystal, nicolae_shop_overgrown_old_shop, shop, shop,
          grunt_ministairs_8, david_defended_altar_orc
D:9:      layout_stronghold, orc_0_dummy, nicolae_rejected_hall
D:10:     layout_gridville, grunt_temple_overflow_cloverleaf,
          nicolae_overflow_hidden_temple
D:11:     layout_rooms
D:12:     lemuel_insect_pit, layout_basic, nicolae_shop_self_help, uniq_maurice
D:13:     layout_loops_cross, patterned_corridor
D:14:     layout_loops_ring, grunt_vaults_entry_fortified,
          gauntlet_entry_generic
Temple:   eino_temple_lava
Lair:1:   layout_loops_ring, portal_ice_cave_entry_pillars_1, grunt_megastairs_1
Lair:2:   layout_layer_cave, grunt_megastairs_3, lemuel_fruit_tree,
          serial_bayou_shore_b
Lair:3:   layout_roguey [special_room_bee], uniq_sonja
Lair:4:   layout_cave_pods, minmay_swamp_entry_wisps, dummy_snake_entry,
          beast_lair_carwin_4
Lair:5:   layout_cave_pods, serial_bayou_shore_a, grunt_megastairs_5,
          infiniplex_staircase_pool_2, lemuel_fruit_fields, lemuel_fruit_fields,
          uniq_snorg
Lair:6:   minmay_lair_end_frog_pond, layout_hall_layers, slime_dummy,
          special_room [special_room_mythical_zoo], wad_woods_road_02
Swamp:1:  layout_basic_swamp, hangedman_swamp_blocks, uniq_jorgrun, uniq_donald,
          uniq_louise
Swamp:2:  layout_falls_marsh, evilmike_swamp_ruin_house_5
Orc:1:    layout_caves, uniq_harold
Orc:2:    st_orc_elflike, layout_diamond_mine

Skill      XL: |  1  2  3  4  5  6  7  8  9 10 11 12 13 14 |
---------------+-------------------------------------------+-----
Transmutations | 3 5 |  5.4
Spellcasting   | 3 5 7 9 |  9.0
Poison Magic   | 2 3 4 |  4.0
Ice Magic      | 4 6 |  6.0
Unarmed Combat | 4 5 6 9 13 11 16 | 16.7
Summonings     | 1 4 |  4.0
Fighting       | 5 6 9 |  9.5
Dodging        | 3 5 |  5.0
Necromancy     | 9 10 14 | 14.3
Earth Magic    | 4 |  4.6
Evocations     | 5 |  5.0
Stealth        | 3 12 | 12.5

Action                   |  1- 3 |  4- 6 |  7- 9 | 10-12 | 13-15 || total
-------------------------+-------+-------+-------+-------+-------++-------
Melee: Unarmed           |    96 |   124 |   220 |   675 |   421 ||  1536
       Kick              |    11 |     6 |       |       |       ||    17
       Punch             |     1 |     1 |       |       |       ||     2
 Cast: Beastly Appendage |    17 |    13 |       |       |       ||    30
       Wereblood         |     7 |     3 |     6 |    34 |    17 ||    67
       Spider Form       |     1 |    15 |    23 |     1 |     3 ||    43
       Frozen Ramparts   |       |     3 |     8 |    18 |    13 ||    42
       Summon Ice Beast  |       |       |     1 |     8 |    25 ||    34
       Ice Form          |       |       |     9 |    82 |    52 ||   143
       Borgnjor's Vile C |       |       |       |     9 |    13 ||    22
       Death Channel     |       |       |       |     8 |    26 ||    34
Invok: Sacrifice a Hand  |       |       |     1 |       |       ||     1
       Draw Out Power    |       |       |     2 |    19 |    11 ||    32
       Apocalypse        |       |       |       |     6 |     6 ||    12
       Sacrifice Words   |       |       |       |     1 |       ||     1
       Sacrifice Experie |       |       |       |     1 |       ||     1
       Reject Sacrifices |       |       |       |     1 |       ||     1
       Sacrifice Durabil |       |       |       |     1 |       ||     1
 Abil: Dig               |       |       |     2 |     1 |     4 ||     7
       End Transformatio |       |       |     1 |     1 |     3 ||     5
       Shaft Self        |       |       |       |       |     1 ||     1
Evoke: Wand              |       |       |     1 |     7 |    10 ||    18
       Condenser vane    |       |       |       |     2 |     2 ||     4
  Use: Scroll            |       |     7 |     8 |    10 |     8 ||    33
       Potion            |       |       |       |     3 |     9 ||    12
 Stab: Sleeping          |     1 |     2 |       |       |     2 ||     5
       Invisible         |       |       |     2 |     6 |     3 ||    11
       Paralysed         |       |       |     1 |    12 |    11 ||    24
       Distracted        |       |       |       |     5 |     8 ||    13
       Petrified         |       |       |       |     8 |     2 ||    10
       Petrifying        |       |       |       |     2 |     2 ||     4
Armor: Robe              |    19 |     8 |     2 |     1 |       ||    30
       Skin              |       |     1 |    35 |    95 |    52 ||   183
       Steam dragon scal |       |       |       |    12 |     7 ||    19
       Quicksilver drago |       |       |       |       |    20 ||    20
Dodge: Dodged            |    65 |    72 |   158 |   193 |   130 ||   618
Block: Other             |       |       |    14 |    96 |    74 ||   184
       Reflection        |       |       |       |     3 |     1 ||     4

Table legend: (Time is in decaauts)
 A = Elapsed time spent in this place.
 B = Non-inter-level travel time spent in this place.
 C = Inter-level travel time spent in this place.
 D = Time resting spent in this place.
 E = Time spent auto-exploring this place.
 F = Levels seen in this place.
 G = Mean time per level.
                   A        B        C        D        E       F      G
               +--------+--------+--------+--------+--------+-----+--------+
         Total |  33395 |  32211 |   1184 |   2308 |  24856 |  28 | 1192.7 |
       Dungeon |  17604 |  16789 |    815 |    597 |  13836 |  14 | 1257.4 |
        Temple |     91 |     84 |      7 |      0 |     70 |   1 |   91.0 |
          Lair |   9212 |   8907 |    305 |    269 |   7423 |   6 | 1535.3 |
         Swamp |   2355 |   2355 |      0 |    798 |   1137 |   2 | 1177.5 |
  Orcish Mines |   2064 |   2009 |     55 |     87 |   1537 |   2 | 1032.0 |
         Sewer |   1049 |   1049 |      0 |      7 |    852 |   1 | 1049.0 |
      Ice Cave |    231 |    231 |      0 |    108 |      0 |   1 |  231.0 |
      Gauntlet |    784 |    784 |      0 |    442 |      0 |   1 |  784.0 |
               +--------+--------+--------+--------+--------+-----+--------+

Top non-repeatable levels by time:
  Lair:6: 2564 daAuts
     D:9: 2499 daAuts
 Swamp:2: 1764 daAuts
  Lair:4: 1742 daAuts
  Lair:5: 1523 daAuts
     D:6: 1441 daAuts
     D:1: 1410 daAuts
    D:12: 1395 daAuts
    D:13: 1342 daAuts
     D:4: 1325 daAuts
  Lair:2: 1317 daAuts
   Orc:2: 1253 daAuts
     D:8: 1231 daAuts
  Lair:3: 1185 daAuts
    D:14: 1139 daAuts
